 Dungeon Crawl Stone Soup version 0.30.0-29-ga12c61a403 (webtiles) character file.

Game seed: 1200898671058379898

887 zeram the Poker (level 8, -5/68 HPs)
             Began as a Hill Orc Fighter on June 21, 2023.
             Was an Initiate of Beogh.
             Slain by a two-headed ogre
             ... wielding a +0 giant club
              (17 damage)
             ... on level 6 of the Dungeon.
             The game lasted 00:10:30 (3828 turns).

zeram the Poker (Hill Orc Fighter)                  Turns: 3828, Time: 00:10:31

Health: -5/68      AC: 15    Str: 21    XL:     8   Next: 5%
Magic:  17/17      EV: 10    Int:  8    God:    Beogh [......]
Gold:   327        SH:  4    Dex: 10    Spells: 7/7 levels left

rFire   . . .        n - +3 trident (protect)
rCold   . . .        c - +0 buckler
rNeg    . . .        b - +0 scale mail
rPois   .            (no helmet)
rElec   .            p - +0 cloak
rCorr   .            (no gloves)
SInv    .            (no boots)
Will    .....        (no amulet) Stlth
                     e - ring of magical power
HPRegen 0.31/turn    (no ring)
MPRegen 0.15/turn

%: no passive effects
@: brilliant, under a protective aura
A: no striking features
a: Renounce Religion


You were on level 6 of the Dungeon.
You worshipped Beogh.
Beogh was noncommittal.
You visited 1 branch of the dungeon, and saw 6 of its levels.

You collected 327 gold pieces.

Inventory:

Hand Weapons
 a - a +3 war axe
 n - a +3 trident of protection (weapon)
Armour
 b - a +0 scale mail (worn)
 c - a +0 buckler (worn)
 p - a +0 cloak (worn)
Jewellery
 e - a ring of magical power (left hand)
 s - a ring of protection from cold
 t - a ring of protection from fire
Wands
 d - a wand of light (4)
 r - a wand of polymorph (4)
 u - a wand of flame (8)
 v - a wand of iceblast (12)
Scrolls
 j - 2 scrolls of fear
 k - 2 scrolls of fog
Potions
 h - 3 potions of lignification
 i - 3 potions of curing
 m - 2 potions of mutation
 o - a potion of degeneration {unknown}
 q - a potion of cancellation {unknown}


   Skills:
 + Level 5.3 Fighting
 + Level 5.3(6.9) Axes
 + Level 5.5(6.2) Polearms
 + Level 5.4 Armour
 + Level 1.5 Dodging
 + Level 4.3 Shields


You had 7 spell levels left.
You didn't know any spells.
Your spell library contained the following spells:

 Spells                   Type           Power      Damage    Failure   Level
 Poisonous Vapours        Pois/Air       0%         N/A       90%         2
 Mephitic Cloud           Conj/Pois/Air  0%         N/A       99%         3
 Freezing Cloud           Conj/Ice/Air   0%         6-21      100%        5


Dungeon Overview and Level Annotations

Branches:
Dungeon (6/15)
 Temple: D:4-7

Altars:


Message History

An orc wizard comes into view. It is wielding a +0 dagger.
A two-headed ogre comes into view. It is wielding two +0 giant clubs.
You feel very sick.
The two-headed ogre shouts in stereo!
The kobold shouts!
You hear a shout!
An orc comes into view. It is wielding a +0 whip.
An orc priest comes into view. It is wielding a +0 trident.
Things that are here:
a +0 dagger; 6 poisoned darts
Okay, then.
Okay, then.
Okay, then.
It was a potion of brilliance.
You feel clever all of a sudden.
You feel sick.
It was a potion of heal wounds.
You feel much better.
You feel sick.
The orc priest begins to cast a cantrip, but forgets the words!
The orc priest miscasts a cantrip.
You bow before the missionary of Beogh.
Beogh welcomes you!
With a roar of approval, the orcs welcome you as one of their own, and spare your life.
You feel sick.
Something hits the orc priest.
A kobold brigand comes into view.
It is wielding a +0 dagger and quivering poisoned darts.
The kobold hits the orc but does no damage.
Something barely misses the orc priest.
The orc barely misses the kobold.
The orc priest hits something with a +0 trident.
The ogre hits the orc with a +0 giant club!!
The orc dies!
You feel sick.
You are no longer poisoned.
Unknown command.
The two-headed ogre attacks as you move away!
The two-headed ogre hits you with a +0 giant club!!
* * * LOW HITPOINT WARNING * * *
The two-headed ogre barely misses you.
You feel yourself speed up.
You puncture the two-headed ogre!
Your weapon exudes an aura of protection.
The two-headed ogre is lightly wounded.
The two-headed ogre hits you with a +0 giant club!
You die...

#############'+++#
#@O...K.K...OoK...
#o~~~≈~~≈~~≈~....~
≈≈≈≈≈≈≈≈≈≈≈≈≈≈≈K....~
~~~~~~~~≈~~~~~~≈~....~
..................h....
###################....
#.#. .#.


You could see a two-headed ogre, a kobold brigand, a kobold and a neutral orc
wizard (wandering).

Vanquished Creatures
  An ogre (D:4)
  2 phantoms (D:5)
  A scorpion (D:5)
  3 hounds
  2 jellies (D:5)
  3 orc priests
  A sleepcap (D:4)
  3 iguanas (D:5)
  3 orc wizards
  5 gnolls (D:6)
  3 adders
  A shadow imp (D:5)
  An ufetubus (D:5)
  3 worms
  A dart slug (D:5)
  11 orcs
  3 ball pythons
  9 endoplasms
  3 giant cockroaches
  6 goblins
  8 hobgoblins
  3 quokkas (D:2)
  2 bats (D:2)
  3 frilled lizards
  8 kobolds
  5 rats
94 creatures vanquished.

Vanquished Creatures (others)
  A howler monkey (D:6)
  An orc (D:6)
2 creatures vanquished.

Grand Total: 96 creatures vanquished

Notes
Turn   | Place    | Note
-------+----------+-------------------------------------------
     0 | D:1      | zeram the Hill Orc Fighter began the quest for the Orb.
     0 | D:1      | Reached XP level 1. HP: 19/19 MP: 1/1
   172 | D:1      | Reached XP level 2. HP: 27/27 MP: 2/2
   770 | D:2      | Reached XP level 3. HP: 27/33 MP: 3/3
  1357 | D:3      | Reached XP level 4. HP: 40/40 MP: 4/4
  1697 | D:3      | You fall into a shaft and drop 1 floor!
  2069 | D:4      | Reached skill level 5 in Axes
  2069 | D:4      | Reached skill level 1 in Polearms
  2069 | D:4      | Reached XP level 5. HP: 38/46 MP: 5/5
  2562 | D:4      | Reached XP level 6. HP: 53/53 MP: 6/6
  2771 | D:5      | Entered Level 5 of the Dungeon
  2939 | D:5      | Reached skill level 1 in Dodging
  2939 | D:5      | Reached XP level 7. HP: 49/60 MP: 7/7
  3152 | D:5      | Reached skill level 5 in Fighting
  3295 | D:5      | Reached skill level 5 in Armour
  3303 | D:5      | Reached skill level 5 in Polearms
  3760 | D:6      | Reached XP level 8. HP: 61/68 MP: 8/8
  3819 | D:6      | Noticed a two-headed ogre
  3822 | D:6      | Became a worshipper of Beogh the Brigand
  3828 | D:6      | Slain by a two-headed ogre

Illustrated notes

Levels and vault maps discovered:
D:1:      minmay_arrival_floating_metal, layout_rooms, minivault_4
D:2:      layout_basic, chequers_serial_rivers_micro_d
D:3:      layout_loops_corners
D:4:      layout_gridville
D:5:      layout_rooms, st_stairs_8
D:6:      lemuel_castle_with_subvaults [lemuel_castle_interior_original],
          layout_basic, lemuel_temple_firewalk_b, kennysheep_nondescript,
          minmay_circle_x

Skill      XL: |  1  2  3  4  5  6  7 |
---------------+----------------------+-----
Axes           | 3 4 5 |  5.3
Fighting       | 4 5 |  5.3
Polearms       | 1 2 3 5 |  5.5
Armour         | 4 5 |  5.4
Dodging        | 1 |  1.5
Shields        | 4 |  4.3

Action                     |  1- 3 |  4- 6 |  7- 9 || total
---------------------------+-------+-------+-------++-------
  Melee: War axe           |    75 |    26 |       ||   101
         Trident           |       |    85 |   113 ||   198
 Invoke: Convert to Beogh  |       |       |     1 ||     1
    Use: Scroll            |     7 |     3 |     4 ||    14
         Potion            |       |     2 |     3 ||     5
 Armour: Scale mail        |    29 |    47 |    60 ||   136
  Dodge: Dodged            |    36 |    33 |    52 ||   121
  Block: Buckler           |    20 |    16 |    26 ||    62
